[Event "28th WSCC Women 65 2018"]
[Site "Bled"]
[Date "2018.11.18"]
[Round "1"]
[White "Fatalibekova, Elena"]
[Black "Tsygankova, Enni"]
[Result "1-0"]
[ECO "B50"]
[WhiteElo "2161"]
[BlackElo "1760"]
[Annotator "NA"]
[PlyCount "59"]
[EventDate "2018.11.17"]
[EventType "swiss"]
[EventCountry "SLO"]
[SourceTitle "playchess.com"]
[Source "ChessBase"]
[SourceQuality "1"]
[TimeControl "40/5400+30:1800+30"]

1. e4 c5 2. Nf3 d6 3. c3 Nf6 4. Qc2 g6 5. d4 cxd4 {B50: Sicilian: 2...d6, Miscellaneous} (5... Bg7 6. dxc5 dxc5 7. h3 O-O 8. Bf4 Nc6 9. Bh2 a6 10. a4 Be6 11. Nbd2 Na5 12. Be2 Qb6 13. O-O {0-1 (108) Pap,G (2542)-Li,C (2751) Graz 2016}) 6. cxd4 Bg7 7. h3 O-O 8. Nc3 Nc6 9. Be3 a6 $146 ({Predecessor:} 9... d5 10. e5 Bf5 11. Qb3 Ne4 12. Qxd5 Nb4 13. Qxd8 Nc2+ 14. Kd1 Rfxd8 15. Nxe4 Bxe4 {0-1 (47) Pepin,C (1957)-Trinh,B (2066) Trois Rivieres 2009}) 10. Be2 b5 11. d5 Na5 12. Nd2 Bd7 13. b4 Nb7 (13... Rc8 $15 {stays ahead.} 14. Bd4 (14. bxa5 Nh5 $11) 14... Nc4) 14. Rc1 Rc8 15. Qb3 e6 16. O-O h5 (16... exd5 $14 17. Nxd5 Nxd5 18. Qxd5 Rxc1 19. Rxc1 Qb8) 17. a4 bxa4 18. Nxa4 Rxc1 19. Rxc1 exd5 20. Bxa6 Qa8 21. b5 Na5 22. Qb4 Nc4 23. Nxc4 dxc4 24. Rxc4 Be6 25. Rc6 d5 $18 26. Nc5 Re8 27. e5 Ne4 28. Nxe6 fxe6 29. Bd4 Bf8 30. Qb1 1-0

[Event "28th WSCC Women 65 2018"]
[Site "Bled"]
[Date "2018.11.18"]
[Round "1"]
[White "Khmiadashvili, Tamar"]
[Black "Norman, Dinah M"]
[Result "0-1"]
[ECO "A14"]
[WhiteElo "2010"]
[BlackElo "1659"]
[Annotator "NA RC"]
[PlyCount "109"]
[EventDate "2018.11.17"]
[EventType "swiss"]
[EventCountry "SLO"]
[SourceTitle "playchess.com"]
[Source "ChessBase"]
[SourceQuality "1"]
[TimeControl "40/5400+30:1800+30"]

1. c4 e6 2. g3 d5 3. Bg2 Nf6 4. d3 c6 5. Nd2 Nbd7 6. Ngf3 Be7 7. O-O O-O {[%emt 0:01:19] LiveBook: 5 Games} 8. b3 b6 9. Bb2 Bb7 10. Qc2 a5 {[%emt 0:03:12] A14: English Opening: 1...e6 with b3 by White} 11. e4 (11. a3 Rc8 12. Rac1 c5 13. e3 Qc7 14. Qb1 Qb8 15. cxd5 Bxd5 16. e4 Bc6 17. Nc4 Rfd8 18. Rfe1 {½-½ (66) Leon Hoyos,M (2603)-Yang,D (2485) Saint Louis 2012}) 11... Rc8 $146 ({Predecessor:} 11... a4 12. Rfe1 Qb8 13. Rad1 Rc8 14. Bc3 axb3 15. axb3 Bf8 16. Ra1 c5 17. Rxa8 Bxa8 18. cxd5 exd5 {½-½ (76) Barlov,D (2424)-Alvarado Diaz,A (2419) Las Palmas 2016}) 12. e5 Ne8 13. Rfe1 Nc7 14. a3 Na6 15. d4 c5 16. Rad1 Qc7 17. Qb1 Rfe8 18. h4 Nf8 19. dxc5 bxc5 20. Qc2 Rcd8 21. Nh2 d4 22. Be4 Bxe4 23. Qxe4 Qb6 24. Bc1 Nb8 25. Qd3 Nbd7 26. h5 Qc7 27. f4 h6 28. Ng4 Nh7 29. Nf3 Ndf8 30. f5 exf5 31. Qxf5 Ne6 32. Bxh6 Bf8 (32... a4 $11) 33. Bc1 Qb7 (33... Rb8 $142) 34. Rd3 Rb8 35. Qe4 Qxe4 36. Rxe4 Be7 37. Re1 Rb7 38. Bd2 Reb8 39. Bxa5 Rxb3 40. Red1 Rxd3 41. Rxd3 Rb1+ ({Black should try} 41... Ra8 $17 42. Bd2 Nhg5) 42. Be1 Rc1 43. Rb3 Rxc4 (43... Nhg5 $19 {is more deadly.} 44. Ngh2 Ne4) 44. Rb8+ Nhf8 45. h6 Ra4 46. Bd2 (46. Re8 $17 {might work better.} Ra7 47. Kg2) 46... Rxa3 47. hxg7 Kxg7 48. Kf2 Ra2 $2 49. Ke1 $1 $11 Ra1+ 50. Kf2 $1 $11 Ra2 (50... Ra7 $19 51. Rc8 Ra2) 51. Ke1 Ra1+ 52. Ke2 $2 Ra2 $11 (52... c4 $19 53. Rc8 c3 54. Bh6+ Kg6) 53. Kd3 $2 Ra3+ 54. Ke4 Kg6 55. Ngh2 0-1

[Event "28th WSCC Women 65 2018"]
[Site "Bled"]
[Date "2018.11.18"]
[Round "1"]
[White "Hoose, Hannelore"]
[Black "Sorokina, Tamara"]
[Result "0-1"]
[ECO "B21"]
[WhiteElo "1680"]
[BlackElo "2058"]
[Annotator "NA"]
[PlyCount "82"]
[EventDate "2018.11.17"]
[EventType "swiss"]
[EventCountry "SLO"]
[SourceTitle "playchess.com"]
[Source "ChessBase"]
[SourceQuality "1"]
[TimeControl "40/5400+30:1800+30"]

1. e4 c5 2. d4 cxd4 3. Qxd4 Nc6 4. Qd1 Nf6 5. Nc3 e6 6. a3 a6 7. g3 Be7 8. Bg2 O-O 9. Nge2 d6 10. O-O Qc7 11. Be3 b5 12. Nd4 Bb7 13. Nxc6 Bxc6 14. Qd4 $146 {[%emt 0:01:28] B49: Sicilian: Taimanov: 5 Nc3 Qc7 6 Be3 a6 7 Be2} ({Predecessor:} 14. f4 Qb7 15. Qd3 Rfd8 16. Rad1 a5 17. b4 axb4 18. axb4 Ng4 19. Bc1 Bf6 20. Bf3 Bxc3 21. Qxc3 Nf6 {½-½ (60) Pena Gomez,M (2319)-Rodriguez Perez,J (2133) Leon 2006}) 14... Rab8 15. Qd2 Qb7 16. f3 d5 17. exd5 Nxd5 18. Nxd5 Bxd5 19. f4 Rfd8 20. Bxd5 Rxd5 21. Qg2 Qd7 22. Qe2 Qc6 23. c3 Bc5 24. Bxc5 Qxc5+ 25. Qf2 Qd6 26. Rfe1 Rd8 27. Re2 g6 28. Rae1 Rd3 29. Re3 $1 Rd5 30. Re5 Rd2 31. R5e2 Rd3 (31... a5 $15) 32. Re3 Qc6 33. Rxd3 Rxd3 34. Re2 Qd6 35. Re1 h5 $15 36. Re2 a5 37. h4 b4 38. axb4 axb4 39. cxb4 Qxb4 40. Kg2 Rd1 41. Rc2 Qe4+ 0-1

[Event "28th WSCC Women 65 2018"]
[Site "Bled"]
[Date "2018.11.19"]
[Round "2"]
[White "Sorokina, Tamara"]
[Black "Kabanova, Irina"]
[Result "1-0"]
[ECO "D05"]
[WhiteElo "2058"]
[BlackElo "1856"]
[Annotator "NA RC"]
[PlyCount "43"]
[EventDate "2018.11.17"]
[EventType "swiss"]
[EventCountry "SLO"]
[SourceTitle "playchess.com"]
[Source "ChessBase"]
[SourceQuality "1"]
[TimeControl "40/5400+30:1800+30"]

1. Nf3 Nf6 2. d4 e6 3. e3 d5 4. Bd3 Nbd7 5. O-O Bd6 6. Nbd2 c5 7. c4 O-O 8. b3 cxd4 9. exd4 b6 10. Bb2 Bb7 11. Qe2 Re8 12. Ne5 a6 13. Rac1 Rc8 14. a3 Qe7 15. b4 dxc4 16. Ndxc4 $11 Nd5 17. Nxd6 Qxd6 18. Bxh7+ Kf8 19. Be4 N7f6 20. Bf3 Nf4 21. Qd2 Nh3+ 22. gxh3 1-0

[Event "28th WSCC Women 65 2018"]
[Site "Bled"]
[Date "2018.11.19"]
[Round "2"]
[White "Norman, Dinah M"]
[Black "Kozlovskaya, Valentina"]
[Result "0-1"]
[ECO "A41"]
[WhiteElo "1659"]
[BlackElo "2154"]
[Annotator "RC"]
[PlyCount "74"]
[EventDate "2018.11.17"]
[EventType "swiss"]
[EventCountry "SLO"]
[SourceTitle "playchess.com"]
[Source "ChessBase"]
[SourceQuality "1"]
[TimeControl "40/5400+30:1800+30"]

1. d4 d6 2. Nf3 g6 3. Bf4 Bg7 4. e3 Nf6 5. h3 O-O 6. Nbd2 c6 7. c3 Nbd7 8. Bc4 h6 9. O-O Nh7 10. a4 e5 11. Bh2 e4 12. Ne1 Qe7 13. a5 h5 14. Nc2 d5 15. Be2 Bh6 16. Re1 f5 17. Bf1 Rf7 18. Qe2 Ndf8 19. Nb4 Bd7 20. Nc2 Ne6 21. b4 a6 22. g3 Raf8 23. Bg2 Ng7 24. Rf1 h4 25. c4 g5 26. c5 f4 27. exf4 gxf4 28. gxf4 Bxf4 29. Bxf4 Rxf4 30. Ne3 Ng5 31. Kh2 Be6 32. Ng4 Bxg4 33. hxg4 Qc7 34. Kg1 h3 35. Bh1 h2+ 36. Kg2 Nf3 37. Kh3 Ng1+ 0-1

[Event "28th WSCC Women 65 2018"]
[Site "Bled"]
[Date "2018.11.20"]
[Round "3"]
[White "Tsifanskaya, Ludmila A"]
[Black "Dotan, Valeria"]
[Result "1/2-1/2"]
[ECO "B40"]
[WhiteElo "1996"]
[BlackElo "1883"]
[Annotator "NA RC"]
[PlyCount "71"]
[EventDate "2018.11.17"]
[EventType "swiss"]
[EventCountry "SLO"]
[SourceTitle "playchess.com"]
[Source "ChessBase"]
[SourceQuality "1"]
[TimeControl "40/5400+30:1800+30"]

1. e4 c5 2. Nf3 e6 3. d3 Nc6 4. g3 d6 5. Bg2 Nge7 6. O-O g6 7. c3 Bg7 8. Be3 O-O {[%emt 0:01:12] LiveBook: 44 Games} 9. Qd2 Re8 {[%emt 0:02:33] A04: Unusual lines after 1 Nf3 and King's Indian Attack} (9... e5 10. Bh6 Bxh6 11. Qxh6 f6 12. Na3 Be6 13. Rfd1 Qb6 14. Bh3 Bf7 15. Nc4 Qc7 16. Ne3 Kh8 17. Bg4 {0-1 (27) Rathnakaran,K (2417)-Nguyen Huynh Minh,H (2496) Al Ain 2015}) 10. Na3 Rb8 11. d4 cxd4 12. Nxd4 a6 13. Rad1 $146 ({Predecessor:} 13. Rfd1 d5 14. h3 dxe4 15. Nxc6 Nxc6 16. Qxd8 Rxd8 17. Bxe4 {1-0 (54) Habibi,A (2280)-Balogh,V (2237) Hungary 2008}) 13... d5 14. exd5 exd5 15. Bf4 Ra8 16. Nac2 Bg4 17. Rde1 Nxd4 18. Nxd4 Qd7 19. Be5 Bh3 20. Bxg7 Kxg7 21. Nf3 Bxg2 22. Kxg2 Nc6 23. Rxe8 Rxe8 24. Rd1 Rd8 25. Qf4 Qd6 26. Qxd6 Rxd6 27. a4 a5 28. Nd4 Nxd4 29. Rxd4 Kf6 30. Kf3 Ke5 31. Ke3 f5 32. f4+ Ke6 33. Rd2 Rc6 34. Kd3 Rc4 35. b3 Re4 $11 36. Rb2 1/2-1/2

[Event "28th WSCC Women 65 2018"]
[Site "Bled"]
[Date "2018.11.20"]
[Round "3"]
[White "Milashevskaja, Valentina"]
[Black "Serjmyadag, Damdin"]
[Result "0-1"]
[ECO "A04"]
[WhiteElo "1731"]
[BlackElo "1864"]
[Annotator "NA RC"]
[PlyCount "82"]
[EventDate "2018.11.17"]
[EventType "swiss"]
[EventCountry "SLO"]
[SourceTitle "playchess.com"]
[Source "ChessBase"]
[SourceQuality "1"]
[TimeControl "40/5400+30:1800+30"]

1. Nf3 f5 2. d4 g6 3. g3 Bg7 4. Bg2 Nf6 5. O-O d6 6. c4 O-O 7. Nc3 {[%emt 0:01:12] LiveBook: 6695 Games} e6 8. Qb3 {[%emt 0:03:27] A87: Dutch Defence: Leningrad System: 5 Nf3} (8. Rb1 a5 9. b3 Nc6 10. d5 Nb4 11. dxe6 Bxe6 12. Nd4 Bc8 13. Bb2 c6 14. e3 Qe7 15. a3 Na6 {½-½ (41) Shankland,S (2666)-Li,R (2577) Saint Louis 2017}) 8... Nc6 9. Qd1 $146 ({Predecessor:} 9. d5 Nb8 10. dxe6 Na6 11. Be3 Ng4 12. c5 Kh8 13. Bg5 Bf6 14. Bxf6+ Qxf6 15. cxd6 cxd6 {1-0 (36) Kiewra,K (2425)-Rozman,L (2254) Chicago 2016}) 9... a6 10. a3 Rb8 11. Qd3 e5 12. dxe5 dxe5 13. Qxd8 Rxd8 14. Bg5 Be6 15. c5 e4 16. Nh4 Rd7 17. Rad1 Rbd8 18. Bh1 Nd4 19. Kg2 Bc4 20. Rc1 Nxe2 21. Nxe2 Bxe2 22. Rfe1 Bb5 23. Kh3 Bc6 24. f3 Re8 25. Rc2 Kf7 26. fxe4 Nxe4 27. Bc1 Nf2+ 28. Rxf2 Rxe1 29. Bxc6 bxc6 30. Rc2 Rdd1 31. Bf4 Rd7 32. Nf3 Re8 33. Kg2 h6 34. h3 g5 35. Bc1 Rde7 36. Kf2 (36. Rf2 $142) 36... g4 37. hxg4 fxg4 38. Nh4 $19 Bd4+ 39. Kf1 Re1+ 40. Kg2 Rg1+ 41. Kh2 Ree1 0-1

[Event "28th WSCC Women 65 2018"]
[Site "Bled"]
[Date "2018.11.21"]
[Round "4"]
[White "Serjmyadag, Damdin"]
[Black "Kabanova, Irina"]
[Result "1-0"]
[ECO "B40"]
[WhiteElo "1864"]
[BlackElo "1856"]
[Annotator "NA RC"]
[PlyCount "137"]
[EventDate "2018.11.17"]
[EventType "swiss"]
[EventCountry "SLO"]
[SourceTitle "playchess.com"]
[Source "ChessBase"]
[SourceQuality "1"]
[TimeControl "40/5400+30:1800+30"]

1. e4 c5 2. Nf3 e6 3. c4 Nc6 4. Nc3 a6 5. d3 Qc7 {[%emt 0:02:17] B40: Sicilian: 2...e6, Unusual lines} 6. Be3 (6. g3 d6 7. Bg2 Nf6 8. O-O Be7 9. h3 O-O 10. Be3 Rb8 11. d4 cxd4 12. Nxd4 Nxd4 {½-½ (12) Toma,K (2305)-Przezdziecka,M (2297) Erice 2013}) 6... Nf6 7. Qd2 Be7 8. Be2 d6 $146 ({Predecessor:} 8... O-O 9. Bf4 d6 10. O-O Rd8 11. h3 {0-1 (32) Ginosa,N-Okawati,G Maringa 2011}) 9. d4 cxd4 10. Nxd4 Bd7 11. f4 Nxd4 12. Bxd4 Bc6 13. Bf3 O-O 14. O-O e5 15. Be3 Rac8 16. Rac1 Qd7 17. h3 Qd8 18. Rfd1 Nd7 19. Bg4 Rb8 20. Bxd7 exf4 21. Bxf4 Bxd7 22. Nd5 Bc6 23. Nxe7+ Qxe7 24. Bxd6 Qxe4 25. Bxb8 Rxb8 26. Re1 Qh4 27. Qf2 Qg5 28. Rcd1 Rf8 29. Rd3 g6 30. Rg3 Qa5 31. b3 Qc7 32. Rge3 Qd6 33. R3e2 Kg7 34. Rd2 Qf6 35. Qxf6+ Kxf6 36. Red1 Re8 37. Rf1+ Kg7 38. Rdf2 Re7 39. g4 h6 40. Kh2 Bd7 41. Kg3 Bc6 42. Kh2 Bd7 43. Rd1 Bc6 44. h4 Bd7 45. g5 hxg5 46. hxg5 Bc6 47. Rdf1 Bd7 48. Rf4 Bc6 49. R1f2 Bd7 50. Kg3 Bc6 51. Rh2 Re5 52. Kh4 Re7 53. Rhf2 Bd7 54. Rd4 Bc6 55. b4 Bd7 56. Rb2 Bc6 57. b5 axb5 58. cxb5 Bd7 59. a4 Bf5 60. Kg3 f6 61. gxf6+ Kxf6 62. Rd6+ Kg5 63. Rb3 Re4 64. Ra3 Rg4+ 65. Kf2 Be4 $18 (65... Rb4 $142 66. Rb6 Be4) 66. Rg3 Rxg3 67. Kxg3 Kf5 68. a5 Ke5 69. Rd2 1-0

[Event "28th WSCC Women 65 2018"]
[Site "Bled"]
[Date "2018.11.21"]
[Round "4"]
[White "Tsygankova, Enni"]
[Black "Khmiadashvili, Tamar"]
[Result "0-1"]
[ECO "D02"]
[WhiteElo "1760"]
[BlackElo "2010"]
[Annotator "NA RC"]
[PlyCount "54"]
[EventDate "2018.11.17"]
[EventType "swiss"]
[EventCountry "SLO"]
[SourceTitle "playchess.com"]
[Source "ChessBase"]
[SourceQuality "1"]
[TimeControl "40/5400+30:1800+30"]

1. d4 d5 2. Bf4 Nf6 3. e3 e6 4. Nf3 Be7 5. Bd3 b6 6. h3 Bb7 7. O-O Nbd7 8. Nbd2 O-O 9. a3 c5 10. c3 Ne4 11. Bb5 Ndf6 12. Nxe4 dxe4 13. Nd2 Nd5 14. Bg3 f5 15. Bc4 Bd6 16. Bxd6 Qxd6 17. Bxd5 exd5 18. dxc5 bxc5 19. b4 Ba6 20. c4 dxc4 21. b5 Bxb5 22. Re1 Rfd8 23. Nf1 Qxd1 24. Rexd1 Rd3 25. a4 Ba6 26. Rab1 Rad8 27. Rdc1 Rb3 0-1

[Event "28th WSCC Women 65 2018"]
[Site "Bled"]
[Date "2018.11.22"]
[Round "5"]
[White "Tsifanskaya, Ludmila A"]
[Black "Ristoja, Aulikki"]
[Result "1-0"]
[ECO "B01"]
[WhiteElo "1996"]
[BlackElo "1505"]
[Annotator "NA RC"]
[PlyCount "130"]
[EventDate "2018.11.17"]
[EventType "swiss"]
[EventCountry "SLO"]
[SourceTitle "playchess.com"]
[Source "ChessBase"]
[SourceQuality "1"]
[TimeControl "40/5400+30:1800+30"]

1. e4 d5 2. exd5 Qxd5 3. Nc3 Qa5 4. d4 c6 5. Bc4 Nf6 6. Bd2 Qb6 7. Nge2 {[%emt 0:07:44] B01: Scandinavian Defence} (7. Nf3 Bf5 8. Qe2 e6 9. O-O-O Be7 10. Ne5 Nbd7 11. h3 Qxd4 12. Nxd7 Nxd7 13. Be3 Qf6 14. g4 Bg6 15. h4 {1-0 (56) Zhao,Z (2543)-Peng,X (2410) Sanya City 2017}) 7... Bf5 8. Bb3 e6 9. O-O Bd6 10. Bf4 Bxf4 11. Nxf4 O-O 12. Nce2 h6 $146 ({Predecessor:} 12... Rd8 13. c3 Nbd7 {0-1 (34) Tagnon,N (2070)-Flear,C (2185) France 1993}) 13. Ng3 Bh7 14. c3 Qc7 15. Qf3 a5 16. Bc4 Nbd7 17. Bd3 Bxd3 18. Nxd3 Rfd8 19. Rad1 b6 20. Ne4 Nxe4 21. Qxe4 Nf6 22. Qf3 Rac8 23. g3 Qd6 24. a3 Qd5 25. Qe2 Qe4 26. Qxe4 Nxe4 27. Ne5 Nf6 28. Nc4 Nd5 29. Rfe1 Kf8 30. f4 a4 31. Ne5 Ne7 32. Kf2 c5 33. dxc5 Rxd1 34. Rxd1 bxc5 35. Nd7+ ({White should play} 35. Rd6 $16) 35... Ke8 $1 36. Nb6 Rb8 (36... Rc6 $1 $11 {remains equal.} 37. Nxa4 c4) 37. Nxa4 Rb5 (37... Nd5 $16) 38. c4 Ra5 39. Nc3 Nf5 40. Rd2 Nd4 (40... Ke7 $16 41. Rd3 Nd6) 41. Ne2 Nc6 42. Rd6 Ra6 {[%emt 0:02:45] [#]} (42... Ne7 $16) 43. Nc3 $1 Ke7 44. Rd2 Nd4 45. Ne4 Nb3 46. Rd3 Rb6 47. Ke3 f5 48. Nd2 Nc1 49. Rc3 Na2 50. Rc2 g5 51. b3 Nb4 52. axb4 Rxb4 53. Ra2 Rb7 54. Ra6 Rc7 55. Kd3 Kf6 56. Ke3 Rc8 57. Ra5 Rc6 58. Rb5 gxf4+ 59. gxf4 e5 60. fxe5+ Kxe5 $18 61. b4 f4+ 62. Kf3 Kd4 63. Rxc5 Rxc5 64. bxc5 Kxc5 65. Kxf4 Kd6 1-0

[Event "28th WSCC Women 65 2018"]
[Site "Bled"]
[Date "2018.11.22"]
[Round "5"]
[White "Serjmyadag, Damdin"]
[Black "Sorokina, Tamara"]
[Result "1/2-1/2"]
[ECO "B41"]
[WhiteElo "1864"]
[BlackElo "2058"]
[Annotator "NA RC"]
[PlyCount "76"]
[EventDate "2018.11.17"]
[EventType "swiss"]
[EventCountry "SLO"]
[SourceTitle "playchess.com"]
[Source "ChessBase"]
[SourceQuality "1"]
[TimeControl "40/5400+30:1800+30"]

1. e4 e6 2. d4 c5 3. Nf3 cxd4 4. Nxd4 a6 5. Be3 Ne7 {[%emt 0:00:05] B41: Sicilian: Kan Variation: 5 c4} 6. Bd3 Nbc6 (6... Nec6 7. Nd2 Nxd4 8. Bxd4 Nc6 9. Bc3 b5 10. b3 Bb4 11. Bxg7 Rg8 12. Bb2 Rxg2 13. Qh5 Bb7 {½-½ (56) Shirov,A (2631)-Artemiev,V (2691) Moscow 2017}) 7. c3 d5 8. O-O Nxd4 9. Bxd4 Nc6 10. e5 $146 ({Predecessor:} 10. Be3 dxe4 11. Bxe4 Bd6 12. Qh5 Qc7 13. Nd2 Ne5 14. Bc2 g6 {0-1 (37) Aitbayev,A (2321)-Kotsur,P (2562) Astana 2011}) 10... Nxd4 11. cxd4 Qb6 12. Qd2 Be7 13. Nc3 Bd7 14. Ne2 O-O 15. Rab1 Rac8 16. Nc3 g6 17. Be2 Rc7 18. a3 Rfc8 19. f4 f5 20. g4 Be8 21. Kh1 Kh8 22. gxf5 gxf5 23. Rg1 Bf7 24. Qe3 Bf8 25. Bd3 Bg6 26. Be2 Rg7 27. b4 Qc6 28. Rbc1 Qe8 29. Bf3 Rgc7 30. Ne2 Bh6 31. Rc5 Bf8 32. Rxc7 Rxc7 33. Rc1 Rg7 34. Ng3 Rd7 35. Rc3 Bh6 36. Qc1 Kg7 37. Kg2 Qe7 38. Rc8 $11 Bf7 1/2-1/2

[Event "28th WSCC Women 65 2018"]
[Site "Bled"]
[Date "2018.11.23"]
[Round "6"]
[White "Sorokina, Tamara"]
[Black "Tsifanskaya, Ludmila A"]
[Result "1/2-1/2"]
[ECO "D05"]
[WhiteElo "2058"]
[BlackElo "1996"]
[Annotator "NA RC"]
[PlyCount "26"]
[EventDate "2018.11.17"]
[EventType "swiss"]
[EventCountry "SLO"]
[SourceTitle "playchess.com"]
[Source "ChessBase"]
[SourceQuality "1"]
[TimeControl "40/5400+30:1800+30"]

1. d4 Nf6 2. Nd2 e6 3. Ngf3 c5 4. e3 b6 5. Bd3 Bb7 6. O-O Be7 7. c3 d5 8. b3 O-O 9. Bb2 {LiveBook: 3 Games} Nc6 10. Qe2 Qc7 11. e4 dxe4 $15 12. Nxe4 Nxe4 13. Bxe4 Rad8 1/2-1/2

[Event "28th WSCC Women 65 2018"]
[Site "Bled"]
[Date "2018.11.23"]
[Round "6"]
[White "Tsygankova, Enni"]
[Black "Dotan, Valeria"]
[Result "0-1"]
[ECO "A45"]
[WhiteElo "1760"]
[BlackElo "1883"]
[Annotator "NA RC"]
[PlyCount "64"]
[EventDate "2018.11.17"]
[EventType "swiss"]
[EventCountry "SLO"]
[SourceTitle "playchess.com"]
[Source "ChessBase"]
[SourceQuality "1"]
[TimeControl "40/5400+30:1800+30"]

1. d4 Nf6 2. Bf4 e6 3. e3 d6 {A45: Trompowsky Attack} (3... c5 4. Nd2 cxd4 5. exd4 Be7 6. Ngf3 O-O 7. Bd3 b6 8. O-O Bb7 9. Re1 d6 10. c3 a6 11. Ng5 h6 12. Nge4 Nxe4 13. Nxe4 Bxe4 14. Bxe4 d5 15. Bc2 Bg5 16. Qd3 g6 17. Rxe6 {1-0 (17) Aronian,L (2767)-Giri,A (2782) chess.com INT 2018}) 4. h3 Be7 5. Nf3 b6 6. Be2 Bb7 {LiveBook: 6 Games} 7. O-O h6 8. Nbd2 O-O 9. a3 $146 ({Predecessor:} 9. c3 Nbd7 10. Qc2 c5 11. Rad1 cxd4 12. exd4 Nd5 13. Bh2 f5 14. a3 {1-0 (37) Gerecs,I-Horvath,J (2210) Hungary 2007}) 9... Nbd7 10. c3 Re8 11. Rc1 Bf8 12. Bh2 g6 13. Qc2 Bg7 14. e4 Nh7 15. e5 dxe5 16. Nxe5 Nxe5 17. dxe5 Qe7 18. Nf3 Ng5 19. Qd3 (19. Nd4 $14) 19... Rad8 20. Qe3 Nxf3+ 21. Bxf3 Bxf3 22. Qxf3 Rd2 23. Rb1 Red8 24. Rfd1 Qd7 25. Rxd2 Qxd2 26. Bf4 Qc2 27. Rc1 (27. Re1 $17) 27... Qxb2 28. a4 g5 29. Be3 Bxe5 $19 30. Rd1 Rxd1+ 31. Qxd1 Qxc3 32. g3 Qa1 0-1

[Event "28th WSCC Women 65 2018"]
[Site "Bled"]
[Date "2018.11.25"]
[Round "7"]
[White "Gaprindashvili, Nona"]
[Black "Kozlovskaya, Valentina"]
[Result "1-0"]
[ECO "A44"]
[WhiteElo "2301"]
[BlackElo "2154"]
[Annotator "NA"]
[PlyCount "109"]
[EventDate "2018.11.17"]
[EventType "swiss"]
[EventCountry "SLO"]
[SourceTitle "playchess.com"]
[Source "ChessBase"]
[SourceQuality "1"]
[TimeControl "40/5400+30:1800+30"]

1. d4 c5 2. d5 e5 3. c4 d6 4. e4 g6 5. Nc3 Bg7 6. Be2 Nf6 7. h4 h5 {[%emt 0:01:20] E73: King's Indian: Averbakh Variation without 6...c5} (7... Nbd7 8. Bg5 h6 9. Bd2 h5 10. Nf3 Nh7 11. a3 Bf6 12. b4 Be7 13. Rb1 b6 14. Qa4 O-O 15. Bh6 {1-0 (73) Goryachkina,A (2451)-Demchenko,A (2615) Jerusalem 2015}) 8. Nh3 a6 9. a4 a5 10. Ng5 Na6 $146 ({Predecessor:} 10... Qe7 11. Nb5 Na6 12. Bd2 b6 13. g3 Bd7 14. Qb3 Bc8 15. Bf1 {1-0 (38) Winterberg,L (2244)-Wilk,W (2067) Eschborn 2013}) 11. f3 Nc7 12. Be3 b6 13. Qd2 Bd7 14. O-O-O Qe7 15. Nh3 Ng8 16. Nf2 O-O-O 17. g3 Bh6 18. f4 f6 19. g4 exf4 20. Bxf4 g5 21. Be3 gxh4 22. Rxh4 Bg5 23. Rxh5 Rxh5 24. gxh5 Nh6 25. Rg1 Rg8 26. Nd3 Ne8 27. Bxg5 Rxg5 28. Rf1 Qg7 29. Kc2 Nf7 30. Nf4 Ne5 31. Kb3 Rg3 32. Qe1 Rg5 33. Qh4 Qh6 34. Ne6 Bxe6 35. dxe6 Nc6 36. Bg4 Kb8 37. Rf4 Ka7 38. Qf2 Rg7 39. Nd5 Qg5 40. Ka2 Nb4+ 41. Nxb4 axb4 42. Be2 Qe5 {[%emt 0:04:42] [#]} 43. Bg4 $2 ({White must play} 43. Rg4 $1 $18 Re7 44. Qf5) 43... Qg5 44. Qd2 Re7 45. Qh2 (45. Bf3 $142) 45... Qh6 $2 (45... Nc7 $16 {might work better.} 46. Bf5 Nxe6 47. Bxe6 Rxe6) 46. Bf5 Rg7 47. Rf1 Rg5 48. Rh1 Rg8 49. Bg6 Qf8 50. Bxe8 Qxe8 51. Qxd6 Qxa4+ 52. Kb1 b3 53. Qd7+ Qxd7 54. exd7 Kb7 $18 55. Rd1 1-0

[Event "28th WSCC Women 65 2018"]
[Site "Bled"]
[Date "2018.11.25"]
[Round "7"]
[White "Khmiadashvili, Tamar"]
[Black "Serjmyadag, Damdin"]
[Result "0-1"]
[ECO "A01"]
[WhiteElo "2010"]
[BlackElo "1864"]
[Annotator "NA RC"]
[PlyCount "154"]
[EventDate "2018.11.17"]
[EventType "swiss"]
[EventCountry "SLO"]
[SourceTitle "playchess.com"]
[Source "ChessBase"]
[SourceQuality "1"]
[TimeControl "40/5400+30:1800+30"]

1. b3 e5 2. Bb2 Nc6 3. e3 Nf6 4. Nf3 e4 5. Nd4 Nxd4 6. Bxd4 d5 {[%emt 0:00:40] A01: Nimzowitsch-Larsen Opening} (6... Be7 7. c4 O-O 8. Nc3 c6 9. Rc1 d5 10. cxd5 cxd5 11. Be2 Be6 12. O-O a6 13. f4 exf3 14. Bxf3 {1-0 (31) Jobava,B (2690)-Harikrishna,P (2744) Riadh 2017}) 7. Bb2 Bd6 8. Be2 Qe7 $146 ({Predecessor:} 8... O-O 9. d3 Re8 10. Nd2 Qe7 11. dxe4 Nxe4 12. Nxe4 dxe4 {½-½ (60) Karlsson,L (2445)-Thornert,H (2234) Sweden 2016}) 9. d4 Be6 10. a4 c6 11. Ba3 Bb4+ 12. Bxb4 Qxb4+ 13. Qd2 Qd6 14. h3 Nd7 15. c4 O-O 16. Nc3 a6 17. c5 Qc7 18. a5 f5 19. g3 Rad8 20. b4 Nf6 21. O-O-O Qe7 22. Rdg1 Nd7 23. Bd1 Rf7 24. h4 Rb8 25. Na4 Rff8 26. Kc2 Qf7 27. Nc3 Qe7 28. Be2 Ra8 29. Rb1 Rfb8 30. Bd1 Qd8 31. Ne2 Nf6 32. Nf4 Bf7 33. Be2 Qd7 34. Qd1 g6 35. Qf1 Re8 36. Rb3 Ng4 37. Kd2 Re7 38. f3 Nf6 39. Ng2 exf3 40. Bxf3 Rae8 41. Ra3 Re4 42. Qg1 R4e7 43. Nf4 Ne4+ 44. Bxe4 Rxe4 45. Nd3 Kg7 46. Qf2 Qd8 (46... Rxe3 $17 47. Qxe3 Rxe3 48. Kxe3 {[#]} f4+ $1 49. Nxf4 Qe8+ 50. Kf2 Qe4) 47. Re1 R8e7 48. Raa1 Qe8 49. Rac1 R7e6 50. Nf4 Re7 51. Ng2 Qd7 52. Rh1 Re8 53. Rcf1 Be6 54. Nf4 Bf7 55. Re1 Be6 56. h5 (56. g4 $16) 56... g5 57. h6+ Kh8 58. Nh5 Rf8 59. Ng7 Qf7 60. Ref1 Bd7 61. Kd3 Qg6 62. Kc3 Qf6 63. Re1 f4 $2 (63... Kg8 $17) 64. exf4 gxf4 65. Rxe4 dxe4 66. gxf4 Qxf4 67. Qxf4 Rxf4 68. Rh5 Rf3+ 69. Kc4 Kg8 70. d5 cxd5+ 71. Rxd5 Bc6 72. Re5 (72. Rd1 $142 Bb5+ 73. Kd5 Rd3+ 74. Rxd3 exd3 75. Nf5) 72... Kf7 $2 (72... Rd3 73. b5 {[#]} Bd5+ $1 74. Rxd5 axb5+ {[%mdl 64] Overworked Piece} 75. Kxb5 Rxd5) 73. Rf5+ $2 (73. b5 Bxb5+ 74. Kd4) 73... Kg6 74. Rh5 $19 e3 75. Re5 Bb5+ 76. Kc3 e2+ 77. Kd2 Rd3+ {[%emt 0:00:59] Re6+} 0-1

[Event "28th WSCC Women 65 2018"]
[Site "Bled"]
[Date "2018.11.25"]
[Round "7"]
[White "Tsifanskaya, Ludmila A"]
[Black "Fatalibekova, Elena"]
[Result "1/2-1/2"]
[ECO "B40"]
[WhiteElo "1996"]
[BlackElo "2161"]
[Annotator "NA"]
[PlyCount "70"]
[EventDate "2018.11.17"]
[EventType "swiss"]
[EventCountry "SLO"]
[SourceTitle "playchess.com"]
[Source "ChessBase"]
[SourceQuality "1"]
[TimeControl "40/5400+30:1800+30"]

1. e4 c5 2. Nf3 e6 3. b3 Nf6 4. e5 Nd5 5. c4 Nb4 6. a3 N4c6 7. Bb2 d6 8. exd6 Qxd6 9. Be2 Be7 10. O-O O-O 11. Nc3 Qd8 12. Na4 Bd7 13. Qc2 Nd4 14. Nxd4 cxd4 15. Bd3 g6 16. b4 e5 17. Rae1 Bd6 18. c5 Bc7 19. Ba1 b5 20. Be4 Nc6 21. Nb2 a5 22. Nd3 axb4 23. Nxb4 Nxb4 24. axb4 Ra4 25. c6 Be6 26. Qc5 Qd6 27. f4 Qxc5 28. bxc5 exf4 29. Bc2 Ra2 30. Bd3 Rxd2 31. Bxb5 f3 32. Rxf3 Bd5 33. Rf2 Bxh2+ 34. Kf1 Rxf2+ 35. Kxf2 Rb8 1/2-1/2